 Dungeon Crawl Stone Soup version 0.21-a0-150-gc243083 (webtiles) character file.

1602 Lunath the Cleaver (level 8, -2/63 HPs)
             Began as a Minotaur Fighter on July 26, 2017.
             Was a Follower of Hepliaklqana.
             Splashed by a centaur's acid (13 damage)
             ... on level 5 of the Dungeon.
             The game lasted 00:09:02 (3727 turns).

Lunath the Cleaver (Minotaur Fighter)               Turns: 3727, Time: 00:09:03

Health: -2/63      AC: 10    Str: 20    XL:     8   Next: 62%
Magic:  7/7        EV:  5    Int:  5    God:    Hepliaklqana [*.....]
Gold:   255        SH:  9    Dex: 13    Spells: 7/7 levels left

rFire    + . .     SeeInvis .   a - +0 war axe
rCold    . . .     Gourm    .   c - +0 shield
rNeg     . . .     Faith    .   F - +0 plate armour (curse)
rPois    .         Spirit   .   (helmet restricted)
rElec    .         Reflect  .   z - +2 cloak
rCorr    .         Harm     .   b - +0 pair of gloves (curse)
MR       .....                  v - +0 pair of boots
Stlth    ..........             i - amulet of regeneration
HPRegen  0.60/turn              g - ring of protection from fire
MPRegen  0.10/turn              (no ring)

@: corroded
A: retaliatory headbutt, reduced essence, horns 2
a: Recall Ancestor, Ancestor Identity, Renounce Religion


You were on level 5 of the Dungeon.
You worshipped Hepliaklqana.
Hepliaklqana was aware of your devotion.
You were not hungry.

You visited 1 branch of the dungeon, and saw 5 of its levels.

You collected 255 gold pieces.

Inventory:

Hand Weapons
 a - a +0 war axe (weapon)
Armour
 b - a cursed +0 pair of gloves (worn)
 c - a +0 shield (worn)
 v - a +0 pair of boots (worn)
 z - a +2 cloak (worn)
 F - a cursed +0 plate armour (worn)
Jewellery
 g - a ring of protection from fire (left hand)
 i - an amulet of regeneration (around neck)
 q - an uncursed amulet of magic regeneration {unknown}
Wands
 s - a wand of confusion (17/48)
 x - a wand of clouds (6/9)
 y - a wand of polymorph (10/24)
 E - a wand of polymorph (18/24)
Scrolls
 e - 2 scrolls of immolation {unknown}
 j - 5 scrolls of remove curse {unknown}
 k - 2 scrolls of fog {unknown}
 l - a scroll of enchant armour {unknown}
 m - 6 scrolls of identify {unknown}
 p - a scroll of teleportation {unknown}
 r - 3 scrolls of blinking {unknown}
 u - a scroll of magic mapping {unknown}
 w - 2 scrolls of amnesia {unknown}
 D - a scroll of silence {unknown}
Potions
 d - a potion of might
 n - 2 potions of curing {unknown}
 A - a potion of haste {unknown}
 B - a potion of invisibility {unknown}
Comestibles
 f - 4 bread rations
 h - 3 fruits
 o - a meat ration
 t - 9 chunks of flesh


   Skills:
 + Level 6.3 Fighting
 * Level 10.1 Axes
 + Level 6.8 Armour
 + Level 2.7 Dodging
 + Level 0.8 Stealth
 - Level 3.6 Shields


You had 7 spell levels left.
You didn't know any spells.

Dungeon Overview and Level Annotations

Branches:
Dungeon (5/15)
 Temple: D:4-7

Altars:
Gozag
Hepliaklqana
Kikubaaqudgha
Sif Muna
Wu Jian
Xom

Shops:
D:4 =


Innate Abilities, Weirdness & Mutations

You reflexively headbutt those who attack you in melee.
You have a pair of horns on your head.
Your life essence is reduced to manifest your ancestor. (-10% HP)


Message History

You open the door.
Found a stone staircase leading down.
There is an open door here.
A centaur comes into view.
The centaur shouts!
The centaur wields a shortbow.
The centaur shoots an arrow.
The arrow hits you!
You see here an arrow.
The centaur zaps a wand.
The bolt of acid hits you! The acid corrodes you!
You are splashed with acid!
The acid burns!
It is a wand of acid (?/15).
The centaur zaps a wand.
The bolt of acid hits you!
You are splashed with acid!
The acid burns!
* * * LOW HITPOINT WARNING * * *
You are too injured to fight recklessly!
You are too injured to fight recklessly!
You are too injured to fight recklessly!
You are too injured to fight recklessly!
The centaur zaps a wand.
The bolt of acid hits you!
* * * LOW HITPOINT WARNING * * *
The acid corrodes you!
You are splashed with acid!
The acid burns!
You die...

#..............'....
#..............#.... .
#..............#.... ..
#..... ........# ...
...####.... ........#####
#........#########.......
#........#....# #.......
#......(.'....+ #.......
#....R..@#...#####[......
#........#...#...........
#........#...#...........
#..c>....#...#...........
...########'###.(..#######
.. #.....#....#....#...#..
. #...).#....#....'...#..
#...).'....#....#...###
#.....##...#....##).##.


You could see the friendly Mettia the ancestor and a centaur.

Vanquished Creatures
  Sigmund (D:5)
  The ghost of nikopol the Magician, an amateur DEFE (D:4)
  A centaur (D:5)
  A bullfrog (D:5)
  2 crimson imps (D:5)
  A hound (D:4)
  A jelly (D:5)
  A quasit (D:5)
  2 centaur skeletons
  4 orc priests
  Crazy Yiuf (D:4)
  Jessica (D:2)
  An iguana (D:4)
  7 orc wizards
  Natasha (twice) (D:4)
  A worker ant (D:4)
  7 gnolls
  6 adders
  2 oozes
  A worm (D:4)
  2 leopard geckos
  15 orcs
  9 bats
  4 giant cockroaches
  8 hobgoblins
  4 jackals (D:2)
  4 kobolds
  A quokka (D:4)
  3 ball pythons
  7 frilled lizards
  7 goblins
  2 leopard gecko skeletons
  5 rats
115 creatures vanquished.

Vanquished Creatures (collateral kills)
  Grinder (D:5)
  A sky beast (D:5)
  A worker ant (D:4)
  An orc (D:5)
  A quokka (D:4)
5 creatures vanquished.

Grand Total: 120 creatures vanquished

Notes
Turn   | Place    | Note
-------+----------+-------------------------------------------
     0 | D:1      | Lunath the Minotaur Fighter began the quest for the Orb.
     0 | D:1      | Reached XP level 1. HP: 19/19 MP: 0/0
   267 | D:1      | Reached XP level 2. HP: 27/27 MP: 1/1
   763 | D:1      | Reached skill level 3 in Axes
   807 | D:2      | Noticed Jessica
   813 | D:2      | Killed Jessica
   813 | D:2      | Reached XP level 3. HP: 24/33 MP: 2/2
   919 | D:2      | Reached XP level 4. HP: 40/40 MP: 3/3
  1160 | D:1      | Reached skill level 4 in Axes
  1595 | D:2      | Reached XP level 5. HP: 29/47 MP: 4/4
  1632 | D:3      | Reached skill level 1 in Dodging
  1712 | D:3      | Reached skill level 5 in Axes
  1712 | D:3      | Reached skill level 5 in Armour
  1899 | D:3      | Found an ancient bone altar of Kikubaaqudgha.
  2012 | D:3      | Reached XP level 6. HP: 52/53 MP: 5/5
  2272 | D:4      | Reached skill level 6 in Axes
  2308 | D:4      | Noticed Natasha
  2313 | D:4      | Killed Natasha
  2336 | D:4      | Reached skill level 5 in Fighting
  2376 | D:4      | Noticed nikopol's ghost (amateur DEFE)
  2382 | D:4      | Killed nikopol's ghost
  2382 | D:4      | Reached XP level 7. HP: 61/61 MP: 6/6
  2391 | D:4      | Found a shimmering altar of Xom.
  2445 | D:4      | Found an opulent altar of Gozag.
  2450 | D:4      | Reached skill level 7 in Axes
  2494 | D:4      | Found an ornate altar of the Wu Jian Council.
  2539 | D:4      | Found a hazy altar of Hepliaklqana.
  2539 | D:4      | Found a deep blue altar of Sif Muna.
  2684 | D:4      | Became a worshipper of Hepliaklqana the Forgotten
  2800 | D:4      | Found a runed door.
  2834 | D:4      | Found Pilyad Muq's Jewellery Emporium.
  3133 | D:4      | Noticed Crazy Yiuf
  3133 | D:4      | Noticed Natasha
  3136 | D:4      | Killed Natasha
  3137 | D:4      | Killed Crazy Yiuf
  3188 | D:5      | Entered Level 5 of the Dungeon
  3195 | D:5      | Reached skill level 8 in Axes
  3230 | D:5      | Reached * piety under Hepliaklqana
  3240 | D:5      | Noticed Grinder
  3248 | D:5      | Paralysed by Grinder for 7 turns
  3256 | D:5      | Killed Grinder
  3256 | D:5      | Reached XP level 8. HP: 45/62 MP: 7/7
  3354 | D:5      | Reached skill level 9 in Axes
  3547 | D:5      | Noticed Sigmund
  3557 | D:5      | Killed Sigmund
  3690 | D:5      | Reached skill level 10 in Axes
  3727 | D:5      | Splashed by a centaur's acid

Vault maps used:
D:1:      elethiomel_arrival_shortcut, minmay_crystal_room
D:2:      serial_co_window_serial, co_window_of_opportunity_a,
          co_window_of_opportunity_a, co_window_paths_a,
          co_window_of_opportunity_a, co_window_paths_a, co_window_corner_a,
          co_window_2corner, co_window_broadway_b, co_window_cross_2,
          co_window_corner_b, co_window_broadway_a, co_window_of_opportunity_c,
          minmay_misc_feat_alley, uniq_jessica
D:3:      kiku_gazebo_garden_becter
D:4:      lemuel_crystal_altar, gammafunk_temple_overflow_forgotten,
          kennysheep_mini_moat, serial_shops, shop, first_bread,
          uniq_crazy_yiuf_cottage, uniq_natasha
D:5:      hangedman_ru_absence, uniq_sigmund, uniq_grinder

Skill      XL: |  1  2  3  4  5  6  7  8 |
---------------+-------------------------+-----
Fighting       | 4 5 6 |  6.3
Axes           | 3 4 5 6 8 10 | 10.1
Armour         | 4 5 6 |  6.8
Dodging        | 1 2 |  2.7
Stealth        | |  0.8
Shields        | |  3.6

Action                   |  1- 3 |  4- 6 |  7- 9 || total
-------------------------+-------+-------+-------++-------
Melee: War axe           |    60 |   145 |   108 ||   313
       Headbutt          |     6 |    24 |    18 ||    48
       Unarmed           |       |       |     2 ||     2
  Eat: Chunk             |       |     5 |     5 ||    10
Armor: Scale mail        |    28 |    79 |    20 ||   127
       Skin              |       |       |     1 ||     1
       Plate armour      |       |       |    48 ||    48
Dodge: Dodged            |    19 |    51 |    19 ||    89
Block: Shield            |    40 |    92 |    44 ||   176
